 Dungeon Crawl Stone Soup version 0.31-a0-640-g39d97e502b (webtiles) character file.

Game seed: 1133143357891735871

12048 Sanktem7 the Cleaver (level 11, -15/99 HPs)
             Began as a Minotaur Fighter on Aug 28, 2023.
             Was a High Priest of Okawaru.
             Demolished by a titanic slime creature (79 damage)
             ... on level 12 of the Dungeon.
             The game lasted 00:18:49 (11506 turns).

Sanktem7 the Cleaver (Minotaur Fighter)            Turns: 11506, Time: 00:18:49

Health: -15/99     AC: 19    Str: 27    XL:     11   Next: 57%
Magic:  0/13       EV: 10    Int:  6    God:    Okawaru [*****.]
Gold:   603        SH:  7    Dex: 11    Spells: 10/10 levels left

rFire   + . .        a - +2 war axe (vamp) {axe}
rCold   + . .        c - +1 buckler
rNeg    + . .        p - +7 Kryia's mail coat {PotionHeal*2 rC+}
rPois   .            (helmet currently unavailable)
rElec   +            (cloak currently unavailable)
rCorr   .            (gloves currently unavailable)
SInv    .            (boots currently unavailable)
Will    .....        o - amulet of guardian spirit Stlth
                     l - +4 ring of protection
HPRegen 0.36/turn    G - ring of the Solstice {rElec rN+ Dex+2}
MPRegen 0.13/turn

%: guardian spirit
@: beast-form
A: beast (slay +3), horns 2, retaliatory headbutt, fire resistance 1, strong 1,
wild magic 1
a: Begin Untransformation, Renounce Religion, Heroism, Finesse, Duel


You were on level 12 of the Dungeon.
You worshipped Okawaru.
Okawaru was extremely pleased with you.
You were a hulking beast.
You visited 2 branches of the dungeon, and saw 13 of its levels.

You collected 648 gold pieces.
You spent 45 gold pieces at shops.


Innate Abilities, Weirdness & Mutations

You are a hulking beast.
Your limbs bulge with bestial killing power. (Slay +3)
You have a pair of horns on your head.
You reflexively headbutt those who attack you in melee.
Your flesh is heat resistant. (rF+)
Your muscles are strong. (Str +4, Int/Dex -1)
Your spells are a little harder to cast, but a little more powerful.


   Skills:
 + Level 9.8 Fighting
 * Level 12.8 Axes
 + Level 9.7 Armour
 + Level 9.4 Shields
 + Level 4.0 Invocations
 + Level 5.4 Shapeshifting


You had 10 spell levels left.
You didn't know any spells.
Your spell library contained the following spells:

 Spells                   Type           Power      Damage    Failure   Level
 Magic Dart               Conj           0%         1d3       80%         1
 Ensorcelled Hibernation  Hex/Ice        0%         N/A       90%         2
 Passwall                 Tmut/Erth      0%         N/A       90%         2
 Dazzling Flash           Conj/Hex       0%         N/A       98%         3
 Gell's Gravitas          Tloc           0%         N/A       98%         3
 Mephitic Cloud           Conj/Pois/Air  0%         N/A       98%         3
 Swiftness                Air            0%         N/A       98%         3
 Teleport Other           Tloc           0%         N/A       98%         3
 Volatile Blastmotes      Fire/Tloc      0%         2d10      98%         3
 Passage of Golubria      Tloc           0%         N/A       100%        4
 Iskenderun's Battlesphe  Conj           0%         2d6       100%        5
 Yara's Violent Unravell  Hex/Tmut       0%         3d3       100%        5
 Dispersal                Tloc           0%         N/A       100%        6
 Leda's Unmaking          Conj/Erth      0%         9d1       100%        6
 Starburst                Conj/Fire      0%         6d3       100%        6
 Maxwell's Capacitive Co  Air            0%         ∞         100%        8
 Call Imp                 Summ           Unusable   N/A       N/A         2
 Tukima's Dance           Hex            Unusable   N/A       N/A         3
 Spellforged Servitor     Conj/Summ      Unusable   N/A       N/A         7

Inventory:

Hand Weapons
 a - a +2 vampiric war axe (weapon) {axe}
 m - a +2 orcbow of electrocution
   (Okawaru gifted it to you on level 12 of the Dungeon)
 s - a +3 war axe {axe}
   (You took it off an orc priest on level 11 of the Dungeon)
 D - a +4 hand axe of flaming {axe}
   (You took it off an orc on level 5 of the Dungeon)
Missiles
 e - 16 stones {throwing}
 n - a throwing net {=f!fthrowing}
 y - 43 poisoned darts {throwing}
 C - 13 boomerangs {throwing}
 O - 2 javelins {throwing}
Armour
 c - a +1 buckler (worn)
 p - the +7 Kryia's mail coat (worn) {PotionHeal*2 rC+}
   (You found it on level 2 of the Dungeon)

   PotionHeal*2: Potions heal its wearer twice as much.
   rC+:       It protects you from cold.
 q - a +0 cloak
   (You took it off Crazy Yiuf on level 2 of the Dungeon)
Jewellery
 l - a +4 ring of protection (left hand)
   (You found it on level 2 of the Dungeon)
 o - an amulet of guardian spirit (around neck)
   (You found it on level 2 of the Dungeon)
 G - the ring of the Solstice (right hand) {rElec rN+ Dex+2}
   (You found it on level 6 of the Dungeon)

   [ring of positive energy]

   Dex+2:     It affects your dexterity (+2).
   rElec:     It insulates you from electricity.
   rN+:       It protects you from negative energy.
Talismans
 g - a beast talisman (active)
   (You found it on level 1 of the Dungeon)
Wands
 b - a wand of polymorph (18)
   (You took it off an orc on level 7 of the Dungeon)
 K - a wand of iceblast (3)
   (You found it on level 9 of the Dungeon)
 M - a wand of flame (9)
   (You found it on level 9 of the Dungeon)
Scrolls
 h - 6 scrolls of teleportation {@r4}
 i - 2 scrolls of vulnerability {!r!r}
 j - 3 scrolls of enchant weapon
 k - 3 scrolls of enchant armour
 t - a scroll of blinking {!r}
 z - a scroll of identify {@r1}
 B - a scroll of immolation {!r!r}
 L - a scroll of revelation
Potions
 d - 4 potions of might
 f - 2 potions of berserk rage {!q}
 r - a potion of ambrosia {unknown}
 u - a potion of invisibility {unknown}
 v - 4 potions of attraction {!q}
 w - a potion of degeneration {unknown}
 x - a potion of lignification {!q}
 A - a potion of curing {@q1}
 E - a potion of heal wounds {unknown}
 F - 3 potions of haste {unknown}
 H - a potion of resistance {unknown}

Dungeon Overview and Level Annotations

Branches:
Dungeon (12/15) Zot: 26603  Temple (1/1) D:6 Zot: 5937    Lair (0/5) D:10
    Orc (0/2) D:10

Altars:
Ashenzari
Cheibriados
Dithmenos
Elyvilon
Fedhas
Gozag
Hepliaklqana
Kikubaaqudgha
Makhleb
Nemelex Xobeh
Okawaru
Qazlal
Ru
Sif Muna
Trog
Uskayaw
Vehumet
Wu Jian
Xom
Yredelemnul
Zin
The Shining One

Shops:
D:5 : D:9

* # .# .. ... ## .##. ..
... .# ##.## ..##.
..#.###......
#.#..hJ#..# #.#.####..#
#>#........ .>. .. ..
#.#.#####... ..##.# #.
..###...##.# #.##.# #.
###.#.##.##.# #.##.# #.
###.###.##.# #.##.# #.
...........# #.##.# #.
###.#.....#####.##.####.


You could see a titanic slime creature.


Message History

You headbutt the boulder beetle, but do no damage.
The boulder beetle waves its antennae.
The boulder beetle bites you. 😕 HP[-2]
You take 2 damage, and now have 88/99 hp.
You slash the boulder beetle!
You feel better.
You kill the boulder beetle!
Okawaru is honoured by your kill. 😕 HP[+3]
You regained 3 hp, and now have 91/99 hp.
No target in view!
No target in view!
No target in view!
No target in view!
No target in view!
A troll comes into view.
The troll shouts!
The troll moves out of view. 😎 HP[+8] MP[+1]
Your hp is fully restored (99).
Your mp is fully restored (12).
A troll is nearby!
A troll is nearby!
The troll bites you! You block the troll's attack.
The troll claws you but does no damage. 😕 HP[-10] MP[-1]
You take 10 damage, and now have 89/99 hp.
You lost 1 mp, and now have 11/12 mp.
You completely miss the troll. You headbutt the troll.
You block the troll's attack. The troll claws you but does no damage.
You block the troll's attack.
You hit the troll.
You feel better.
You headbutt the troll. The troll closely misses you.
The troll barely misses you. You block the troll's attack.
You hit the troll.
You feel better.
You headbutt the troll. You block the troll's attack.
The troll claws you but does no damage. The troll claws you. 😕 HP[+2] MP[-1]
You regained 2 hp, and now have 91/99 hp.
You lost 1 mp, and now have 10/12 mp.
You slash the troll!
You feel better.
Your headbutt misses the troll. The troll bites you.
The troll claws you but does no damage. x2
You slash the troll!
You kill the troll!
Okawaru accepts your kill.
Your Invocations skill increases to level 4! 😕 HP[+6]
You regained 6 hp, and now have 97/99 hp.
No target in view!
No target in view!
No target in view!
Found an escape hatch in the floor. 😎 HP[+2] MP[+3]
Your hp is fully restored (99).
Your mp is fully restored (13).
There is an escape hatch in the floor here.
A slime creature comes into view.
The slime creature quivers.
A slime creature is nearby!
A slime creature is nearby! 3 slime creatures come into view.
The slime creature quivers. x2
A slime creature merges with something you can't see.
You slice the slime creature!! You slash the slime creature!
You headbutt the slime creature. The slime creature hits you!
Two slime creatures merge to form a large slime creature. 😕 HP[-8] MP[-1]
You take 8 damage, and now have 91/99 hp.
You lost 1 mp, and now have 12/13 mp.
You slash the large slime creature! You slash the large slime creature!
You feel better. 😕 HP[+5]
You regained 5 hp, and now have 96/99 hp.
You slash the large slime creature!
The large slime creature hits you! 😕 HP[-7] MP[-1]
You take 7 damage, and now have 89/99 hp.
You lost 1 mp, and now have 11/13 mp.
You hit the large slime creature.
Two slime creatures merge to form a very large slime creature.
You slash the very large slime creature!
You feel better.
The very large slime creature hits you!!
Two slime creatures merge to form an enormous slime creature.
You are too injured to fight recklessly! 😮 HP[-26] MP[-3]
You take 26 damage, and now have 63/99 hp.
MASSIVE DAMAGE!! (PAUSE)
You lost 3 mp, and now have 8/13 mp.
You slash the enormous slime creature! You hit the enormous slime creature.
Two slime creatures merge to form a titanic slime creature. 😮 HP[+1]
You slash the titanic slime creature!
You headbutt the titanic slime creature.
You block the titanic slime creature's attack. 😮 MP[+1]
You slash the titanic slime creature!
You headbutt the titanic slime creature!
The titanic slime creature hits you!!!!
Ouch! That really hurt!
You die...

Skill      XL: |  1  2  3  4  5  6  7  8  9 10 11 |
---------------+----------------------------------+-----
Axes           | 3 4 5 7 8 10 11 12 | 12.8
Fighting       | 4 5 6 8 9 |  9.8
Armour         | 4 5 6 7 9 |  9.7
Shields        | 4 5 6 7 8 9 |  9.4
Shapeshifting  | 1 2 3 4 5 |  5.4
Invocations    | 2 4 |  4.0

Action                     |  1- 3 |  4- 6 |  7- 9 | 10-12 || total
---------------------------+-------+-------+-------+-------++-------
  Melee: War axe           |    96 |   140 |   235 |   226 ||   697
         Headbutt          |     7 |    20 |    32 |    57 ||   116
    Use: Scroll            |       |       |    14 |     3 ||    17
         Potion            |       |       |       |     4 ||     4
   Stab: Distracted        |       |       |     1 |       ||     1
 Armour: Scale mail        |    41 |    87 |   138 |   103 ||   369
  Dodge: Dodged            |    59 |    69 |    99 |    62 ||   289
  Block: Buckler           |    26 |    34 |    81 |    70 ||   211
   Form: Beast             |     1 |       |       |       ||     1

Levels and vault maps discovered:
D:1:      scummos_arrival_hexagon, layout_basic, minmay_box_of_dots
D:2:      layout_basic, serial_aquarium, aquarium_bridge_square
          [aquarium_subvault_bridge, aquarium_subvault_wall,
          aquarium_subvault_bridge, aquarium_subvault_wall],
          aquarium_bridge_long_joined [aquarium_subvault_bridge,
          aquarium_subvault_bridge, aquarium_subvault_bridge,
          aquarium_subvault_wall, aquarium_subvault_wall,
          aquarium_subvault_window], aquarium_window_3, aquarium_window_1,
          aquarium_window_2, aquarium_window_1, aquarium_view_2b,
          amcnicky_mini_rare_corridor_liquid, minmay_hexomino_f4,
          uniq_crazy_yiuf_cottage
D:3:      layout_rooms, mainiacjoe_overflow_alcove_4, minmay_puff
D:4:      layout_layer_cave
D:5:      mumra_celtic_spiral_tile, layout_layer_cave, amcnicky_altar_gilded,
          serial_shops, shop, roderic_lattice_a, st_stairs_2
D:6:      layout_loops_ring, mainiacjoe_overflow_concentric_impassable,
          kennysheep_mini, minmay_temple_entry_gardened_gates,
          minmay_fire_ice_demons, uniq_blork_the_orc
D:7:      layout_rooms, uniq_menkaure
D:8:      layout_layer_cave, overflow_temple_1_default, grunt_ministairs_7,
          nicolae_figureground_pulse
D:9:      layout_loops_ring, serial_shops, shop
D:10:     layout_cave_pools, lair_entry_dummy, orc_0_dummy, minmay_radiant,
          uniq_psyche
D:11:     layout_cross, grunt_decor_junction
D:12:     layout_loops_ring, serial_shops, nicolae_shop_tiny_real_fake_doors,
          uniq_josephine
Temple:   nicolae_temple_bog_church

Notes
Turn   | Place    | Note
-------+----------+-------------------------------------------
     0 | D:1      | Sanktem7 the Minotaur Fighter began the quest for the Orb.
     0 | D:1      | Reached XP level 1. HP: 19/19 MP: 0/0
     0 | D:1      | magus.rc [v1.9.6]
   170 | D:1      | Reached XP level 2. HP: 27/27 MP: 1/1
   175 | D:1      | Reached skill level 3 in Axes
   799 | D:2      | Reached XP level 3. HP: 30/33 MP: 2/2
   818 | D:2      | Reached skill level 4 in Fighting
   821 | D:2      | Reached skill level 4 in Armour
   824 | D:2      | Reached skill level 4 in Shields
   927 | D:2      | You pick up a book of Power and begin reading...
   927 | D:2      | You add the spells Iskenderun's Battlesphere, Leda's
                  | Unmaking and Spellforged Servitor to your library.
  1253 | D:2      | Found the +7 Kryia's mail coat {PotionHeal*2 rC+}
  1385 | D:2      | Found a runed translucent door.
  1386 | D:2      | Noticed Crazy Yiuf
  1806 | D:2      | Killed Crazy Yiuf
  1807 | D:2      | Reached skill level 4 in Axes
  1807 | D:2      | Reached XP level 4. HP: 23/40 MP: 1/3
  2093 | D:3      | Found a blossoming altar of Fedhas.
  2281 | D:3      | You pick up a book of Minor Magic and begin reading...
  2281 | D:3      | You add the spells Magic Dart, Call Imp and Mephitic Cloud
                  | to your library.
  2522 | D:4      | Reached XP level 5. HP: 47/47 MP: 4/4
  2650 | D:4      | Reached skill level 1 in Shapeshifting
  2702 | D:4      | You add the spells Gell's Gravitas, Teleport Other and
                  | Dispersal to your library.
  2867 | D:4      | You fall into a shaft and drop 2 floors!
  2868 | D:6      | Found a snail-covered altar of Cheibriados.
  2992 | D:5      | Entered Level 5 of the Dungeon
  3267 | D:5      | Reached skill level 5 in Axes
  3270 | D:5      | Reached XP level 6. HP: 48/55 MP: 5/5
  4569 | D:5      | Reached skill level 5 in Fighting
  4609 | D:5      | Found a radiant altar of Vehumet.
  4741 | D:5      | Found Zaag Ruedauw's Book Boutique.
  4799 | D:5      | Reached skill level 5 in Armour
  4826 | D:5      | Reached XP level 7. HP: 59/61 MP: 4/6
  4901 | D:5      | Reached skill level 5 in Shields
  5507 | D:6      | Identified the ring of the Solstice {rElec rN+ Dex+2}
  5552 | D:6      | Reached skill level 6 in Axes
  5556 | D:6      | Noticed Blork the orc
  5563 | D:6      | Killed Blork the orc
  5599 | D:6      | Reached skill level 2 in Shapeshifting
  5670 | D:6      | Reached skill level 7 in Axes
  5738 | D:6      | Reached XP level 8. HP: 70/70 MP: 7/7
  5839 | D:6      | Reached skill level 6 in Fighting
  5865 | D:6      | You pick up a book of Spectacle and begin reading...
  5865 | D:6      | You add the spells Volatile Blastmotes, Dazzling Flash,
                  | Starburst and Maxwell's Capacitive Coupling to your
                  | library.
  6021 | D:6      | Found a sacrificial altar of Ru.
  6053 | D:6      | Identified the staff of the Coward {rPois rF+ Poison}
  6120 | D:6      | Reached skill level 6 in Armour
  6253 | D:6      | Found a staircase to the Ecumenical Temple.
  6262 | Temple   | Entered the Ecumenical Temple
  6312 | Temple   | Became a worshipper of Warmaster Okawaru
  6530 | D:7      | Reached skill level 6 in Shields
  6540 | D:7      | Noticed Menkaure
  6543 | D:7      | Killed Menkaure
  6544 | D:7      | Reached skill level 8 in Axes
  6556 | D:7      | Reached skill level 3 in Shapeshifting
  6565 | D:7      | Reached * piety under Okawaru
  6629 | D:7      | Reached XP level 9. HP: 78/78 MP: 6/8
  6639 | D:7      | Reached skill level 7 in Fighting
  6699 | D:7      | You pick up a book of Burglary and begin reading...
  6699 | D:7      | You add the spells Passwall, Ensorcelled Hibernation and
                  | Swiftness to your library.
  6760 | D:7      | Reached skill level 9 in Axes
  6802 | D:7      | Reached skill level 7 in Armour
  7116 | D:8      | Reached ** piety under Okawaru
  7415 | D:8      | Reached skill level 7 in Shields
  7415 | D:8      | Found a broken altar of Ashenzari.
  8665 | D:9      | Noticed a troll
  8672 | D:9      | Killed a troll
  8673 | D:9      | Reached skill level 10 in Axes
  8877 | D:9      | Found Yluhok's General Store.
  8882 | D:9      | Bought a potion of curing for 45 gold pieces
  8963 | D:9      | Reached skill level 4 in Shapeshifting
  8964 | D:9      | Reached *** piety under Okawaru
  8973 | D:9      | Reached skill level 8 in Fighting
  9111 | D:9      | Reached XP level 10. HP: 86/88 MP: 9/9
  9180 | D:9      | Reached skill level 8 in Armour
  9322 | D:9      | You pick up a book of Power and begin reading...
  9540 | D:10     | Entered Level 10 of the Dungeon
  9549 | D:10     | Reached skill level 8 in Shields
  9552 | D:10     | Reached **** piety under Okawaru
  9556 | D:10     | Reached skill level 11 in Axes
  9563 | D:10     | Reached skill level 1 in Invocations
  9870 | D:10     | You add the spells Passage of Golubria and Yara's Violent
                  | Unravelling to your library.
  9879 | D:10     | Reached skill level 2 in Invocations
  9913 | D:10     | Noticed a cyclops
  9913 | D:10     | Noticed Psyche
  9922 | D:10     | Killed a cyclops
  9922 | D:10     | Reached ***** piety under Okawaru
  9922 | D:10     | Killed Psyche
  9923 | D:10     | Reached skill level 9 in Fighting
  9986 | D:10     | z - a +2 triple sword of holy wrath {longrare=g}
 10020 | D:10     | a shapeshifter changed into a black mamba
 10020 | D:10     | Noticed a black mamba (shapeshifter)
 10033 | D:10     | Killed a black mamba
 10230 | D:10     | Found a staircase to the Lair.
 10279 | D:10     | Found a staircase to the Orcish Mines.
 10480 | D:10     | You drop a +2 triple sword of holy wrath {longrare=g}.
 10500 | D:11     | Reached skill level 9 in Armour
 10634 | D:11     | Noticed a cyclops
 10637 | D:11     | Reached XP level 11. HP: 91/97 MP: 12/12
 10647 | D:11     | Reached skill level 12 in Axes
 10647 | D:11     | Reached skill level 5 in Shapeshifting
 10679 | D:11     | Reached skill level 3 in Invocations
 11087 | D:11     | Gained mutation: You are occasionally teleported next to
                  | monsters. [potion of mutation]
 11087 | D:11     | Gained mutation: You are agile. (Dex +4, Str/Int -1)
                  | [potion of mutation]
 11088 | D:11     | Lost mutation: You are occasionally teleported next to
                  | monsters. [potion of mutation]
 11088 | D:11     | Lost mutation: You are agile. (Dex +4, Str/Int -1) [potion
                  | of mutation]
 11088 | D:11     | Gained mutation: Your spells are a little harder to cast,
                  | but a little more powerful. [potion of mutation]
 11088 | D:11     | Gained mutation: You are vulnerable to heat. (rF-) [potion
                  | of mutation]
 11088 | D:11     | Gained mutation: You are strong-willed. (Will+) [potion of
                  | mutation]
 11089 | D:11     | Lost mutation: You are strong-willed. (Will+) [potion of
                  | mutation]
 11089 | D:11     | Lost mutation: You are vulnerable to heat. (rF-) [potion of
                  | mutation]
 11089 | D:11     | Lost mutation: Your spells are a little harder to cast, but
                  | a little more powerful. [potion of mutation]
 11089 | D:11     | Gained mutation: Your muscles are strong. (Str +4, Int/Dex
                  | -1) [potion of mutation]
 11089 | D:11     | Gained mutation: Your flesh is heat resistant. (rF+)
                  | [potion of mutation]
 11089 | D:11     | Gained mutation: Your spells are a little harder to cast,
                  | but a little more powerful. [potion of mutation]
 11114 | D:12     | Received a gift from Okawaru
 11127 | D:12     | Reached skill level 9 in Shields
 11190 | D:12     | Noticed a two-headed ogre
 11200 | D:12     | Killed a two-headed ogre
 11382 | D:12     | Noticed a two-headed ogre
 11383 | D:12     | Noticed a boulder beetle
 11391 | D:12     | Killed a two-headed ogre
 11417 | D:12     | Killed a boulder beetle
 11456 | D:12     | Reached skill level 4 in Invocations
 11506 | D:12     | Demolished by a titanic slime creature

Vanquished Creatures
  2 two-headed ogres (D:12)
  A boulder beetle (D:12)
  3 cyclopes
  A black mamba (shapeshifter) (D:10)
  Psyche (D:10)
  A hornet (D:8)
  5 trolls
  2 shadows (D:11)
  2 wyverns
  16 yaks
  2 steam dragons (D:10)
  Menkaure (D:7)
  3 acid dragons
  A water moccasin (D:8)
  2 orc warriors
  3 ice beasts
  2 sky beasts (D:7)
  A black bear (D:6)
  2 centaurs
  An ogre (D:6)
  2 kobold brigands (D:7)
  Blork the orc (D:6)
  A bullfrog (D:8)
  A phantom (D:6)
  2 scorpions
  2 gnoll sergeants
  12 wights
  5 killer bees (D:9)
  4 howler monkeys
  A crimson imp (D:6)
  Crazy Yiuf (D:2)
  2 jellies
  2 gnoll boudas
  4 hounds
  3 orc priests
  4 iguanas
  13 orc wizards
  20 gnolls
  10 adders
  4 white imps
  2 ufetubi (D:4)
  A worm (D:2)
  5 dart slugs
  29 orcs
  9 ball pythons
  9 bats
  11 endoplasms
  4 giant cockroaches
  3 goblins
  11 hobgoblins
  5 jackals
  17 kobolds
  9 quokkas
  2 frilled lizards (D:1)
  2 rats
265 creatures vanquished.

Table legend:
 A = Non-vault XP
 B = Vault XP
 C = Vault XP percentage of total XP
 D = Non-vault monster count
 E = Vault monster count
 F = Vault count percentage of total count
                 A         B        C        D         E       F
            +---------+---------+-------+---------+---------+-------
      Total |   15520 |    1692 |   9.8 |     235 |      30 |  11.3
            +---------+---------+-------+---------+---------+-------
        D:1 |      34 |       5 |  12.8 |      17 |       3 |  15.0
        D:2 |      48 |      46 |  48.9 |      25 |       3 |  10.7
        D:3 |      36 |      12 |  25.0 |      19 |       6 |  24.0
        D:4 |      89 |       0 |   0.0 |      20 |       0 |   0.0
        D:5 |     425 |      25 |   5.6 |      19 |       2 |   9.5
        D:6 |     869 |     156 |  15.2 |      17 |       3 |  15.0
        D:7 |    1398 |     169 |  10.8 |      32 |       1 |   3.0
        D:8 |     874 |     123 |  12.3 |      10 |       9 |  47.4
        D:9 |    2190 |       0 |   0.0 |      24 |       0 |   0.0
       D:10 |    2662 |    1156 |  30.3 |      22 |       3 |  12.0
       D:11 |    1888 |       0 |   0.0 |      17 |       0 |   0.0
       D:12 |    5007 |       0 |   0.0 |      13 |       0 |   0.0
            +---------+---------+-------+---------+---------+-------

Skill      XL: |  1  2  3  4  5  6  7  8  9 10 11 |
---------------+----------------------------------+-----
Axes           | 3 4 5 7 8 10 11 12 | 12.8
Fighting       | 4 5 6 8 9 |  9.8
Armour         | 4 5 6 7 9 |  9.7
Shields        | 4 5 6 7 8 9 |  9.4
Shapeshifting  | 1 2 3 4 5 |  5.4
Invocations    | 2 4 |  4.0

Action                     |  1- 3 |  4- 6 |  7- 9 | 10-12 || total
---------------------------+-------+-------+-------+-------++-------
  Melee: War axe           |    96 |   140 |   235 |   226 ||   697
         Headbutt          |     7 |    20 |    32 |    57 ||   116
    Use: Scroll            |       |       |    14 |     3 ||    17
         Potion            |       |       |       |     4 ||     4
   Stab: Distracted        |       |       |     1 |       ||     1
 Armour: Scale mail        |    41 |    87 |   138 |   103 ||   369
  Dodge: Dodged            |    59 |    69 |    99 |    62 ||   289
  Block: Buckler           |    26 |    34 |    81 |    70 ||   211
   Form: Beast             |     1 |       |       |       ||     1

Illustrated notes

Table legend:
 A = Kills in this place as a percentage of kills in the entire game.
 B = Kills by you in this place as a percentage of kills by you in the entire game.
 C = Kills by friends in this place as a percentage of kills by friends in the entire game.
 D = Other kills in this place as a percentage of other kills in the entire game.
 E = Experience gained in this place as a percentage of experience gained in the entire game.
 F = Experience gained in this place divided by the number of levels of this place that you have seen.
                   A       B       C       D       E      F
               +-------+-------+-------+-------+-------+----------------------
         Total | 100.0 | 100.0 |   N/A |   N/A | 100.0 | 1324.0
       Dungeon | 100.0 | 100.0 |   N/A |   N/A | 100.0 | 1434.3
               +-------+-------+-------+-------+-------+----------------------

Table legend: (Time is in decaauts)
 A = Elapsed time spent in this place.
 B = Non-inter-level travel time spent in this place.
 C = Inter-level travel time spent in this place.
 D = Time resting spent in this place.
 E = Time spent auto-exploring this place.
 F = Levels seen in this place.
 G = Mean time per level.
                   A        B        C        D        E       F      G
               +--------+--------+--------+--------+--------+-----+--------+
         Total |  11581 |  11193 |    388 |    266 |   9224 |  13 |  890.8 |
       Dungeon |  11518 |  11130 |    388 |    266 |   9224 |  12 |  959.8 |
        Temple |     62 |     62 |      0 |      0 |      0 |   1 |   62.0 |
               +--------+--------+--------+--------+--------+-----+--------+

Top non-repeatable levels by time:
     D:5: 1799 daAuts
     D:8: 1557 daAuts
     D:2: 1130 daAuts
     D:6: 1124 daAuts
     D:4: 1057 daAuts
    D:10: 937 daAuts
     D:9: 878 daAuts
     D:1: 810 daAuts
     D:3: 622 daAuts
    D:11: 602 daAuts
     D:7: 602 daAuts
    D:12: 395 daAuts
  Temple: 62 daAuts
